 Dungeon Crawl Stone Soup version 0.28.0 (webtiles) character file.

Game seed: 8613165729986746674

126 Armakuni the Vexing (level 5, -4/40 HPs)
             Began as a Human Enchanter on Feb 9, 2022.
             Slain by a steam dragon (8 damage)
             ... on level 2 of the Dungeon.
             The game lasted 00:07:24 (2026 turns).

Armakuni the Vexing (Human Enchanter)               Turns: 2026, Time: 00:07:25

Health: -4/40      AC:  5    Str: 10    XL:     5   Next: 32%
Magic:  0/8        EV: 11    Int: 15    God:
Gold:   64         SH:  0    Dex: 14    Spells: 5/8 levels left

rFire   + + .      SeeInvis .   a - +0 quarterstaff
rCold   x . .      Faith    .   (shield currently unavailable)
rNeg    . . .      Spirit   .   d - +2 leather armour {rF+}
rPois   .          Reflect  .   (no helmet)
rElec   .          Harm     .   m - scarf {repulsion}
rCorr   .          Rampage  .   (no gloves)
Will    .....                   (no boots)
Stlth   ++........              R - amulet of regeneration
HPRegen 0.93/turn               F - ring of fire
MPRegen 0.11/turn               (no ring)

@: confusing by touch, about to teleport, hasted, repel missiles, very quick
A: no striking features
a: no special abilities


You were on level 2 of the Dungeon.
You visited 1 branch of the dungeon, and saw 3 of its levels.

You collected 64 gold pieces.

Inventory:

Hand Weapons
 a - a +0 quarterstaff (weapon)
Armour
 d - a +2 leather armour of fire resistance (worn)
 m - a scarf of repulsion (worn)
Jewellery
 F - a ring of fire (left hand)
 R - an amulet of regeneration (around neck)
Potions
 i - a potion of haste


   Skills:
 - Level 2.8 Fighting
 - Level 1.0(1.2) Short Blades
 - Level 1.1(1.3) Long Blades
 - Level 2.4 Staves
 + Level 0.0 Armour
 - Level 2.0 Dodging
 - Level 3.0 Stealth
 + Level 2.0 Spellcasting
 + Level 3.4 Hexes


You had 5 spell levels left.
You knew the following spells:

 Your Spells              Type           Power      Damage    Failure   Level
c - Confusing Touch       Hex            11%        N/A       22%         3

Your spell library contained the following spells:

 Spells                   Type           Power      Damage    Failure   Level
 Ensorcelled Hibernation  Hex/Ice        12%        N/A       22%         2
 Tukima's Dance           Hex            11%        N/A       22%         3
 Dazzling Flash           Conj/Hex       12%        N/A       41%         3


Dungeon Overview and Level Annotations

Branches:
Dungeon (3/15)

Altars:

Annotations:
D:2 Sigmund
D:3 Robin


Message History

The steam dragon is lightly wounded.
The steam dragon bites you. The steam dragon misses you.
Okay, then.
You hit the steam dragon.
The steam dragon is moderately wounded.
The steam dragon breathes steam at you. The ball of steam misses you.
You barely miss the steam dragon.
The steam dragon is moderately wounded.
The steam dragon barely misses you.
The steam dragon claws you but does no damage.
You closely miss the steam dragon.
The steam dragon is moderately wounded.
Casting: Confusing Touch (quite dangerous; 22% risk of failure)
Confirm with . or Enter, or press ? or * to list all spells.
The spell is quite dangerous to miscast (22% risk of failure)!
Continue anyway?
Your hands begin to glow red.
The steam dragon bites you. The steam dragon claws you.
You hit the steam dragon but do no damage.
The steam dragon is moderately wounded.
The steam dragon bites you.
* * * LOW HITPOINT WARNING * * *
The steam dragon claws you.
* * * LOW HITPOINT WARNING * * *
You hit the steam dragon but do no damage.
The steam dragon is moderately wounded.
The steam dragon bites you but does no damage.
The steam dragon claws you.
* * * LOW HITPOINT WARNING * * *
You hit the steam dragon but do no damage.
The steam dragon is moderately wounded.
As you read the scroll of teleportation, it crumbles to dust.
You feel strangely unstable. The steam dragon bites you!
* * * LOW HITPOINT WARNING * * *
The steam dragon completely misses you.
Your magical contamination has completely faded away.
You hit the steam dragon but do no damage.
The steam dragon is moderately wounded.
The steam dragon bites you!
You die...

######.......#...#
.##
#....##.....##...#
##..
#.######...##....#
#..# ..# ######..####
# #..# ..# #.......#
#. #..#
<.#####.###...#
#.###.#
#.##..........#
#.....#
..##.##.###.#.####
###.#.# .....##.#
#.#..)@# #.#.#
.######.# #.####D#
#.#.# .# #.# #.# #.#
#.#.# .# #.# #.# #.#
#.#.# .#
#.###.####[######.#.#
.#
..........).......#.#
.####.#
####.##)########.#
......
#.##.########.#
......
#.............#


You could see a steam dragon.

Vanquished Creatures
  Jessica (D:2)
  An iguana (D:2)
  Ijyb (D:2)
  An adder (D:2)
  2 dart slugs (D:1)
  4 endoplasms
  A giant cockroach (D:1)
  5 goblins
  5 hobgoblins
  3 kobolds
  A quokka (D:1)
  4 ball pythons
  6 bats
  A frilled lizard (D:3)
  3 rats
39 creatures vanquished.

Vanquished Creatures (others)
  A goblin (D:3)
  A kobold (D:3)
2 creatures vanquished.

Grand Total: 41 creatures vanquished

Notes
Turn   | Place    | Note
-------+----------+-------------------------------------------
     0 | D:1      | Armakuni the Human Enchanter began the quest for the Orb.
     0 | D:1      | Reached XP level 1. HP: 13/13 MP: 3/3
   497 | D:1      | Reached skill level 1 in Fighting
   497 | D:1      | Reached skill level 1 in Long Blades
   497 | D:1      | Reached XP level 2. HP: 21/21 MP: 5/5
   884 | D:1      | Reached XP level 3. HP: 26/26 MP: 6/6
   933 | D:1      | Learned a level 3 spell: Confusing Touch
  1039 | D:1      | Reached skill level 1 in Staves
  1474 | D:2      | Noticed Jessica
  1484 | D:2      | Killed Jessica
  1485 | D:2      | Reached XP level 4. HP: 31/34 MP: 4/7
  1518 | D:2      | You fall into a shaft and drop 1 floor!
  1518 | D:3      | Noticed Robin
  1518 | D:3      | Noticed a steam dragon
  1521 | D:3      | Noticed Ijyb
  1629 | D:2      | Noticed Sigmund
  1835 | D:2      | Reached XP level 5. HP: 40/40 MP: 3/8
  1952 | D:2      | Paralysed by Ijyb for 5 turns
  1960 | D:2      | Killed Ijyb
  2026 | D:2      | Slain by a steam dragon

Illustrated notes

Levels and vault maps discovered:
D:1:      pf_arrival_petrified_forest, layout_basic, minmay_misc_feat_pillars,
          chequers_arboretum
D:2:      kennysheep_six_static_rooms, layout_loops_ring, serial_bayou_lagoon_a,
          uniq_jessica, uniq_sigmund
D:3:      layout_rooms, uniq_ijyb, uniq_robin, uniq_terence

Skill      XL: |  1  2  3  4 |
---------------+-------------+-----
Fighting       | 1 2 |  2.8
Long Blades    | 1 |  1.1
Staves         | 1 2 |  2.4
Short Blades   | |  1.0
Dodging        | |  2.0
Stealth        | |  3.0
Spellcasting   | |  2.0
Hexes          | |  3.4

Action                   |  1- 3 |  4- 6 || total
-------------------------+-------+-------++-------
Melee: Dagger            |    33 |       ||    33
       Quarterstaff      |    44 |    78 ||   122
Throw: Dart              |       |     3 ||     3
 Cast: Confusing Touch   |     1 |     6 ||     7
  Use: Scroll            |     3 |     3 ||     6
       Potion            |       |     5 ||     5
 Stab: Sleeping          |     8 |       ||     8
       Confused          |       |     3 ||     3
Armor: Robe              |    18 |    19 ||    37
       Leather armour    |     2 |     6 ||     8
Dodge: Dodged            |    57 |    99 ||   156
